 Dungeon Crawl Stone Soup version 0.19.5 (webtiles) character file.

109 Alannah the Digger (level 4, 0/36 HPs)
             Began as a Gargoyle Earth Elementalist on Apr 11, 2017.
             Was an Initiate of Vehumet.
             Slain by a gnoll
             ... wielding a +0 halberd
              (6 damage)
             ... on level 3 of the Dungeon.
             The game lasted 00:14:27 (2718 turns).

Alannah the Digger (Gargoyle Earth Elementalist)    Turns: 2718, Time: 00:14:28

Health: 0/36       AC: 22    Str:  8    XL:     4   Next: 90%
Magic:  0/8        EV:  2    Int: 16    God:    Vehumet [......]
Gold:   170        SH:  0    Dex: 10    Spells: 3 memorised, 2 levels left

rFire  . . .     SeeInvis .     i - +0 dagger
rCold  . . .     Gourm    .     (armour currently unavailable)
rNeg   + + +     Faith    .     (no shield)
rPois  ∞         Spirit   +     (helmet currently unavailable)
rElec  .         Reflect  .     (cloak currently unavailable)
rCorr  .         Harm     .     (gloves currently unavailable)
MR     .....     NoTele   +     (boots currently unavailable)
Stlth  ++........               j - amulet of guardian spirit
                                (no ring)
                                q - -4 ring of strength (curse)

@: tree-form
A: negative energy resistance 1, (electricity resistance), (unbreathing),
petrification resistance, rot immunity, AC +3
a: Renounce Religion


You were on level 3 of the Dungeon.
You worshipped Vehumet.
Vehumet was noncommittal.
You were not hungry.
You were a tree.
You visited 1 branch of the dungeon, and saw 3 of its levels.

You collected 170 gold pieces.

Inventory:

Hand Weapons
 i - a +0 dagger (weapon)
Missiles
 b - 37 stones (quivered)
Armour
 c - a +0 robe (melded)
 k - a +0 pair of boots (melded)
Jewellery
 j - an amulet of guardian spirit (around neck)
 q - a cursed -4 ring of strength (left branch)
Scrolls
 f - a scroll of noise {unknown}
 o - a scroll of remove curse {unknown}
 t - a scroll of identify
 u - a scroll of fog
Potions
 g - a potion of lignification
 l - 2 potions of flight {unknown}
 m - a potion of curing
 n - a potion of invisibility {unknown}
 p - a potion of resistance {unknown}
Books
 e - a book of Geomancy

   Spells                             Type                      Level
   a - Sandblast                      Earth                        1
   b - Passwall                       Transmutation/Earth          2
   c - Stone Arrow                    Conjuration/Earth            3
   d - Petrify                        Transmutation/Earth          4
   e - Lee's Rapid Deconstruction     Earth                        5
Comestibles
 a - 7 chunks of flesh
 d - a bread ration
 h - a beef jerky
 r - a slice of pizza
 s - 4 fruits


   Skills:
 + Level 2.1 Dodging
 + Level 2.5 Stealth
 * Level 2.8 Spellcasting
 * Level 0.9 Conjurations
 + Level 1.0 Transmutations
 * Level 5.0 Earth Magic


You had 2 spell levels left.
You knew the following spells:

 Your Spells              Type           Power        Failure   Level  Hunger
a - Sandblast             Erth           ###...       2%          1    #......
b - Passwall              Tmut/Erth      ##........   10%         2    ##.....
c - Stone Arrow           Conj/Erth      ##....       17%         3    ###....


Dungeon Overview and Level Annotations

Branches:
Dungeon (3/15)

Altars:
Okawaru
Vehumet
Xom


Innate Abilities, Weirdness & Mutations

You are resistant to torment.
((Your stone body is resilient. (AC +3)))
You are immune to poison.
You resist negative energy. (rN+)
((You are resistant to electric shocks. (rElec)))
((You can survive without breathing.))
You are immune to petrification.
You are immune to rotting.


Message History

The gnoll hits you but does no damage.
Throwing (i - inventory):
b - 40 stones (quivered)
Press: ? - help, Shift-Dir - straight line, f/p - gnoll
Aim: a gnoll, wielding a halberd (severely wounded)
You throw a stone. The stone hits the gnoll.
The gnoll is almost dead.
Throwing (i - inventory):
b - 39 stones (quivered)
Press: ? - help, Shift-Dir - straight line, f/p - gnoll
Aim: a gnoll, wielding a halberd (almost dead)
You throw a stone. The stone completely misses the gnoll.
The stone barely misses the hobgoblin.
The stone barely misses the gnoll.
The gnoll hits you but does no damage.
Throwing (i - inventory):
b - 38 stones (quivered)
Press: ? - help, Shift-Dir - straight line, f/p - gnoll
Aim: a gnoll, wielding a halberd (almost dead)
You throw a stone.
The stone hits the gnoll but does no damage.
The gnoll is almost dead.
The gnoll hits you from afar with a halberd.
You die...

#........... #......(....
### #........... ########
#.# #........... #......#
##.#####..........
#......###...<.###.........
##.....................##...
........###.#####...#####...
##......# #♣# #...# #%..
#......# #)# #...# #...
...##..## #g# #..## #... ..
..#. #g# .... #.g. . (....
.g. ...... ..#.#.# .(#
##.#.[. # #.#. .## #. #.


You could see 2 gnolls and a hobgoblin.

Vanquished Creatures
  3 adders (D:2)
  2 gnolls (D:3)
  2 worms (D:2)
  2 leopard geckos (D:1)
  9 bats
  4 giant cockroaches
  6 goblins
  5 hobgoblins
  4 jackals (D:2)
  A quokka (D:3)
  A ball python (D:1)
  3 frilled lizards
  6 kobolds
  7 rats
55 creatures vanquished.

Notes
Turn   | Place    | Note
-------+----------+-------------------------------------------
     0 | D:1      | Alannah the Gargoyle Earth Elementalist began the quest for the Orb.
     0 | D:1      | Reached XP level 1. HP: 10/10 MP: 3/3
   466 | D:1      | Reached XP level 2. HP: 15/15 MP: 1/5
   514 | D:1      | Learned a level 2 spell: Passwall
   735 | D:1      | Reached skill level 4 in Earth Magic
  1198 | D:2      | Found a shimmering altar of Xom.
  1232 | D:2      | Reached XP level 3. HP: 19/19 MP: 0/6
  1756 | D:2      | Found an iron altar of Okawaru.
  1791 | D:2      | Reached XP level 4. HP: 15/24 MP: 0/7
  2313 | D:2      | Found a radiant altar of Vehumet.
  2321 | D:2      | Became a worshipper of Vehumet
  2410 | D:2      | Reached skill level 5 in Earth Magic
  2415 | D:2      | Learned a level 3 spell: Stone Arrow
  2678 | D:3      | Reached skill level 1 in Transmutations
  2718 | D:3      | Slain by a gnoll

Skill      XL: |  1  2  3  4 |
---------------+-------------+-----
Earth Magic    | 4 5 |  5.0
Dodging        | 2 |  2.1
Transmutations | 1 |  1.0
Stealth        | |  2.5
Spellcasting   | |  2.8
Conjurations   | |  0.9

Action                   |  1- 3 |  4- 6 || total
-------------------------+-------+-------++-------
Melee: Unarmed           |    28 |       ||    28
       Dagger            |    27 |    16 ||    43
Throw: Stone             |       |    23 ||    23
 Cast: Sandblast         |    69 |    49 ||   118
  Use: Scroll            |     3 |       ||     3
       Potion            |       |     2 ||     2
  Eat: Chunk             |     4 |     3 ||     7
Armor: Robe              |    35 |    16 ||    51
       Skin              |       |    17 ||    17
Dodge: Dodged            |    47 |    32 ||    79
